 Dungeon Crawl Stone Soup version 0.24.1-14-gf8d2b509d9 (webtiles) character file.

Game seed: 14039185912752837765, levelgen mode: deterministic

17347 tkbsonic5 the Fighter (level 12, -10/108 HPs)
             Began as a Hill Orc Fighter on Jan 6, 2023.
             Was a Priest of Beogh.
             Mangled by an orc warrior
             ... wielding a +0 flail
             ... led by an orc warlord
              (25 damage)
             ... on level 1 of the Orcish Mines on Jan 7, 2023.
             The game lasted 01:11:08 (12152 turns).

tkbsonic5 the Fighter (Hill Orc Fighter)           Turns: 12152, Time: 01:11:10

Health: -10/108    AC: 34    Str: 24    XL:     12   Next: 47%
Magic:  18/18      EV:  9    Int:  8    God:    Beogh [***...]
Gold:   644        SH:  0    Dex: 10    Spells: 11/11 levels left

rFire    + + .     SeeInvis .   d - +9 great sword of Nemelex Xobeh's Favour {slice, rF+}
rCold    + . .     Gourm    +   (shield currently unavailable)
rNeg     . . .     Faith    .   h - +7 chain mail {rPois}
rPois    +         Spirit   .   i - +2 helmet
rElec    .         Reflect  .   J - scarf {rC+ rF+}
rCorr    .         Harm     .   t - +0 pair of gloves
MR       .....                  o - +2 pair of boots
Stlth    ..........             n - amulet of the gourmand
HPRegen  0.28/turn              m - +2 ring of protection
MPRegen  0.16/turn              E - +6 ring of protection

@: about to teleport
A: no striking features
a: Smiting, Renounce Religion


You were on level 1 of the Orcish Mines.
You worshipped Beogh.
Beogh was most pleased with you.
You were not hungry.

You visited 3 branches of the dungeon, and saw 14 of its levels.

You collected 1239 gold pieces.
You spent 595 gold pieces at shops.

Inventory:

Hand Weapons
 d - the +9 great sword of Nemelex Xobeh's Favour (weapon) {slice, rF+}
   (You found it on level 7 of the Dungeon)

   It inflicts extra damage upon your enemies.
   It protects you from fire.
 l - a +0 hand crossbow
 s - a +0 flail of draining
 z - a +2 shortbow of velocity
 F - a +2 hunting sling of flaming
 H - a +0 trident of protection
 L - a +0 flail
Missiles
 p - 119 bolts
 r - 36 poisoned darts
 G - 60 sling bullets
 I - 175 arrows
 M - 10 boomerangs (quivered)
Armour
 a - a +0 cloak
 c - a +0 shield
 h - a +7 chain mail of poison resistance (worn)
 i - a +2 helmet (worn)
 o - a +2 pair of boots (worn)
 t - a +0 pair of gloves (worn)
 w - a +2 buckler
 x - a scarf of spirit shield
 J - a scarf of resistance (worn)
Magical Staves
 j - an uncursed staff of conjuration {unknown}
 K - an uncursed staff of fire {unknown}
Jewellery
 m - a +2 ring of protection (left hand)
 n - an amulet of the gourmand (around neck)
 v - an uncursed ring of see invisible
 E - a +6 ring of protection (right hand)
 N - an uncursed ring of ice
Wands
 g - a wand of disintegration (1)
 y - a wand of flame (11)
Scrolls
 e - 5 scrolls of amnesia
 u - a scroll of magic mapping
 B - a scroll of teleportation
 D - a scroll of fog
Potions
 b - 3 potions of brilliance
 k - 2 potions of flight
 A - a potion of resistance
 C - 3 potions of magic
Comestibles
 f - 16 rations


   Skills:
 + Level 10.9 Fighting
 * Level 7.1 Long Blades
   Level 8.8 Axes
 * Level 0.5(4.5) Slings
 - Level 2.3 Bows
 - Level 2.6 Crossbows
 - Level 7.2 Throwing
 + Level 8.8 Armour
 * Level 3.0 Dodging
 - Level 5.9 Shields
 * Level 8.2 Invocations
 + Level 5.8 Evocations


You had 11 spell levels left.
You didn't know any spells.
Your spell library contained the following spells:

 Spells                   Type           Power        Failure   Level  Hunger
 Animate Skeleton         Necr           N/A          94%         1    ##.....
 Apportation              Tloc           #.....       94%         1    ##.....
 Confusing Touch          Hex            #.....       94%         1    ##.....
 Magic Dart               Conj           #...         94%         1    ##.....
 Summon Small Mammal      Summ           #...         94%         1    ##.....
 Blink                    Tloc           N/A          98%         2    ###....
 Call Imp                 Summ           #.......     98%         2    ###....
 Searing Ray              Conj           #.....       98%         2    ###....
 Slow                     Hex            #.......     98%         2    ###....
 Conjure Flame            Conj/Fire      #.......     100%        3    ####...
 Dazzling Spray           Conj/Hex       #.....       100%        3    ####...
 Mephitic Cloud           Conj/Pois/Air  #.......     100%        3    ####...
 Force Lance              Conj/Tloc      #.......     100%        4    #####..
 Fulminant Prism          Conj/Hex       #.........   100%        4    #####..
 Iskenderun's Mystic Bla  Conj           #.......     100%        4    #####..


Dungeon Overview and Level Annotations

Branches:
Dungeon (11/15)            Temple (0/1) D:6            Lair (1/6) D:10
    Orc (2/2) D:10            Elf (0/3) Orc:2

Altars:
Ashenzari
Cheibriados
Elyvilon
Fedhas
Trog

Shops:
D:4 }}[[   D:11 [**   Orc:2 :

Annotations:
Lair:1 Gastronok


Message History

The orc warrior hits you but does no damage.
Your orc wizard barely misses the orc warrior.
The orc warrior hits your orc warrior with a +0 long sword!!
Your orc warrior dies!
Okay, then.
Okay, then.
Okay, then.
Okay, then.
Your orc wizard closely misses the orc warrior.
Your orc wizard casts a spell at the orc warrior.
The magic dart hits the orc warrior!
The two-headed ogre hits your orc with a +0 giant club!!
Your orc dies!
Your orc wizard hits the two-headed ogre but does no damage.
Your orc wizard casts a spell at the orc warrior.
The puff of frost hits the orc warrior.
As you read the scroll of teleportation, it crumbles to dust.
You feel strangely unstable.
The orc warrior hits you with a +0 flail!!
You die...

....#..#.................[....#.#
#......#.............>........##.
.....................).....[.....
...............#...o..####.#[....
...........>#.#...oO..######.....
.##.....##.###..........####....#
####....###...#...........#).....
##..###......o#...........##o#
#...###.....@##.........##.##
##.###........##......######
#####.......###.[[...#o.#
#.........#..[[[...###
##.#........)......#
#..........).....###
##.#............##
######........## #.........#


You could see a two-headed ogre, 2 orc warriors and a friendly orc wizard.

Vanquished Creatures
  An orc warlord (D:9)
  Harold (D:10)
  A hydra (D:10)
  Fannar (Orc:1)
  2 two-headed ogres (D:9)
  Nergalle (D:10)
  Pikel (D:6)
  A cyclops (Orc:1)
  Maurice (D:10)
  Psyche (D:9)
  Joseph (D:8)
  A troll (D:10)
  A queen bee (D:8)
  3 blink frogs (Lair:1)
  3 hippogriffs
  A yak (D:10)
  A basilisk (D:10)
  A hungry ghost (D:8)
  Grum (D:9)
  16 wargs
  An acid dragon (D:8)
  A water moccasin (D:7)
  A porcupine (Lair:1)
  2 ice beasts (D:10)
  Duvessa (D:6)
  3 orc warriors (D:9)
  2 slaves (D:6)
  2 phantoms (D:5)
  A necrophage (D:7)
  4 sky beasts
  3 ogres
  9 centaurs
  3 wolves
  A crocodile (D:11)
  2 big kobolds
  3 bullfrogs
  A gnoll sergeant (D:7)
  A water moccasin skeleton (D:7)
  Dowan (D:6)
  3 scorpions
  13 killer bees (D:8)
  5 crimson imps
  A centaur zombie (D:7)
  A bullfrog zombie (D:8)
  6 hounds
  5 jellies
  An orc priest (Orc:1)
  6 orc wizards
  A bullfrog skeleton (D:6)
  A centaur skeleton (D:8)
  Ijyb (D:4)
  8 worker ants
  A hound skeleton (D:4)
  12 gnolls
  11 adders
  13 river rats
  A shadow imp (D:11)
  2 oozes (D:1)
  An adder skeleton (D:4)
  6 worms
  6 dart slugs
  2 leopard geckos
  13 orcs
  2 ball pythons
  7 giant cockroaches
  6 goblins
  4 hobgoblins
  10 jackals
  18 kobolds
  5 quokkas (D:5)
  6 bats
  8 frilled lizards
  A jackal skeleton (D:5)
  2 leopard gecko skeletons
  A leopard gecko zombie (D:6)
  A quokka skeleton (D:7)
  14 rats
  A plant (D:7)
288 creatures vanquished.

Vanquished Creatures (collateral kills)
  An orc sorcerer (Orc:1)
  An elephant (D:10)
  An ugly thing (D:11)
  A blink frog (Lair:1)
  A hippogriff (D:10)
  2 yaks (D:10)
  A basilisk (D:10)
  2 ice beasts
  4 orc warriors
  A black bear (D:11)
  A crocodile (D:11)
  A centaur zombie (D:11)
  A bullfrog skeleton (D:10)
  2 orc priests
  A centaur skeleton (D:11)
  2 orc wizards
  13 orcs
36 creatures vanquished.

Vanquished Creatures (others)
  11 orc warriors
  An orc wizard (Orc:1)
  4 orc priests
  35 orcs
  A rat (D:5)
  A fungus (Lair:1)
53 creatures vanquished.

Grand Total: 377 creatures vanquished

Notes
Turn   | Place    | Note
-------+----------+-------------------------------------------
     0 | D:1      | tkbsonic5 the Hill Orc Fighter began the quest for the Orb.
     0 | D:1      | Reached XP level 1. HP: 19/19 MP: 1/1
    22 | D:1      | Found a shattered altar of Ashenzari.
    38 | D:1      | Reached XP level 2. HP: 21/27 MP: 2/2
   102 | D:1      | Reached skill level 4 in Fighting
   271 | D:1      | Reached XP level 3. HP: 31/33 MP: 3/3
   377 | D:1      | Reached skill level 1 in Throwing
   850 | D:1      | You fall into a shaft and drop 1 floor!
   950 | D:2      | Reached XP level 4. HP: 39/40 MP: 4/4
  1127 | D:2      | Found a blossoming altar of Fedhas.
  1168 | D:2      | Reached skill level 1 in Dodging
  1207 | D:2      | Reached XP level 5. HP: 46/47 MP: 5/5
  2218 | D:4      | Noticed Ijyb
  2225 | D:4      | Killed Ijyb
  2309 | D:4      | Reached XP level 6. HP: 49/55 MP: 6/6
  2336 | D:4      | Reached skill level 5 in Fighting
  2555 | D:4      | Found Xuinlem's Armour Boutique.
  2590 | D:4      | Found Sadghes's Antique Armour Shop.
  2768 | D:4      | Found Peepomalyo's Gadget Shoppe.
  2777 | D:4      | Found Ockuam's Gadget Emporium.
  2779 | D:4      | Bought a wand of disintegration (8) for 168 gold pieces
  3275 | D:5      | Entered Level 5 of the Dungeon
  3421 | D:5      | Noticed a phantom
  3434 | D:5      | Killed a phantom
  3587 | D:5      | Reached skill level 5 in Axes
  3587 | D:5      | Reached XP level 7. HP: 61/61 MP: 7/7
  3638 | D:5      | Became a worshipper of Beogh the Brigand
  3737 | D:5      | Reached * piety under Beogh
  4001 | D:6      | Reached skill level 6 in Fighting
  4025 | D:6      | Found a staircase to the Ecumenical Temple.
  4175 | D:6      | Noticed Dowan
  4178 | D:6      | Noticed Duvessa
  4189 | D:6      | Killed Dowan
  4207 | D:6      | Killed Duvessa
  4207 | D:6      | Reached skill level 1 in Invocations
  4207 | D:6      | Reached XP level 8. HP: 46/70 MP: 8/8
  4289 | D:6      | Noticed Pikel
  4308 | D:6      | Killed Pikel
  4308 | D:6      | Reached skill level 5 in Armour
  4308 | D:6      | Reached skill level 1 in Evocations
  4352 | D:6      | Reached skill level 5 in Shields
  4420 | D:6      | Reached skill level 7 in Fighting
  4582 | D:7      | Reached XP level 9. HP: 59/79 MP: 9/11
  4717 | D:7      | Got a shimmering great sword
  4982 | D:7      | Reached ** piety under Beogh
  5096 | D:7      | Reached skill level 5 in Throwing
  5582 | D:8      | Noticed a queen bee
  5588 | D:8      | Reached skill level 8 in Fighting
  5594 | D:8      | Killed a queen bee
  5601 | D:8      | Reached XP level 10. HP: 29/90 MP: 13/13
  5951 | D:8      | Found a snail-covered altar of Cheibriados.
  6045 | D:8      | Identified the +9 great sword of Nemelex Xobeh's Favour
                  | {slice, rF+} (You found it on level 7 of the Dungeon)
  6089 | D:8      | Noticed Joseph
  6100 | D:8      | Killed Joseph
  6143 | D:8      | Reached skill level 1 in Long Blades
  6489 | D:8      | Got an ichor-stained leather armour
  6500 | D:8      | Identified the cursed +0 leather armour of Midsummer
                  | {Str+4} (You found it on level 8 of the Dungeon)
  6646 | D:8      | Reached *** piety under Beogh
  6653 | D:8      | Found a white marble altar of Elyvilon.
  6799 | D:8      | Reached skill level 9 in Fighting
  7079 | D:9      | Noticed Grum
  7082 | D:9      | Killed Grum
  7091 | D:8      | Reached skill level 5 in Invocations
  7363 | D:9      | Noticed Psyche
  7373 | D:9      | Killed Psyche
  7493 | D:9      | Noticed a two-headed ogre
  7515 | D:9      | Killed a two-headed ogre
  7515 | D:9      | Reached XP level 11. HP: 75/99 MP: 13/15
  8117 | D:9      | Reached skill level 10 in Fighting
  8278 | D:9      | Noticed a two-headed ogre
  8305 | D:9      | Noticed an orc warlord
  8320 | D:9      | Killed an orc warlord
  8807 | D:9      | Killed a two-headed ogre
  8807 | D:9      | Reached skill level 5 in Long Blades
  9051 | D:10     | Entered Level 10 of the Dungeon
  9087 | D:10     | Reached skill level 1 in Crossbows
  9185 | D:10     | Noticed Maurice
  9189 | D:10     | Killed Maurice
  9189 | D:10     | Reached skill level 5 in Evocations
  9379 | D:10     | Found a staircase to the Lair.
  9466 | D:10     | Found a staircase to the Orcish Mines.
  9537 | D:10     | Noticed Nergalle
  9543 | D:10     | Killed Nergalle
  9543 | D:10     | Gained Worak as an ally
  9975 | D:11     | Gained Ognian as an ally
 10044 | D:11     | Found Ziur's Assorted Antiques.
 10052 | D:11     | Bought 2 scrolls of enchant armour for 375 gold pieces
 10084 | D:11     | Found Diq Fer's Armour Shop.
 10218 | D:11     | Noticed a green ugly thing
 10225 | D:11     | Killed a green ugly thing
 10225 | D:11     | Reached XP level 12. HP: 101/108 MP: 14/17
 10346 | D:11     | Found Ythrer's Assorted Antiques.
 10349 | D:11     | Bought a scroll of identify for 52 gold pieces
 10734 | Orc:1    | Entered Level 1 of the Orcish Mines
 10734 | Orc:1    | Noticed Harold
 10741 | D:10     | Killed Harold
 10741 | D:10     | Reached skill level 1 in Bows
 10818 | Orc:1    | Noticed Fannar
 10825 | Orc:1    | Killed Fannar
 11049 | Lair:1   | Entered Level 1 of the Lair of Beasts
 11135 | Lair:1   | Noticed a six-headed hydra
 11136 | Lair:1   | Noticed Gastronok
 11150 | Lair:1   | Your ally Worak died
 11198 | D:10     | Killed a seven-headed hydra
 11915 | Orc:1    | Found a bloodstained altar of Trog.
 12098 | Orc:2    | Entered Level 2 of the Orcish Mines
 12108 | Orc:2    | Found a staircase to the Elven Halls.
 12119 | Orc:2    | Found Moarean's Book Shoppe.
 12122 | Orc:2    | Noticed an orc warlord
 12132 | Orc:2    | Noticed a two-headed ogre
 12135 | Orc:2    | Noticed a two-headed ogre
 12139 | Orc:2    | Noticed an ogre mage
 12139 | Orc:2    | Noticed an orc high priest
 12152 | Orc:1    | Mangled by an orc warrior

Levels and vault maps discovered:
D:1:      roderic_chinese_lattice_arrival, layout_loops_corners,
          evilmike_ruin_ashenzari
D:2:      layout_loops_cross, fedhas_altar_1
D:3:      layout_loops_ring, nicolae_overflow_hidden_temple, corner_web_ring,
          minmay_misc_feat_secret_circle
D:4:      layout_layer_cave, serial_shops, shop_fountains,
          nicolae_shop_waterfront, shop, shop, uniq_ijyb
D:5:      lemuel_ratsnest, layout_basic, first_ration
D:6:      layout_basic, minmay_temple_entry_statues_pillars, uniq_pikel,
          uniq_duvessa
D:7:      wad_woods_tower, layout_basic
D:8:      layout_basic, basic_altar, david_nohive_1, cheibrodos_worm_habitat,
          uniq_joseph
D:9:      lemuel_castle_with_subvaults [lemuel_castle_interior_carwin_1],
          layout_stronghold, amethyst_killhole, nrook_pool_corridor, uniq_grum,
          uniq_psyche
D:10:     layout_stronghold, david_lair_generic, orc_0_dummy, uniq_nergalle,
          uniq_maurice
D:11:     layout_stronghold, serial_shops, nicolae_shop_crystal,
          nicolae_shop_behind_doors, nicolae_shop_overgrown_old_shop
Lair:1:   layout_chaotic_city, minmay_stone_trees_small, uniq_gastronok
Orc:1:    layout_diamond_mine, basic_altar, uniq_harold, uniq_fannar
Orc:2:    grunt_orc_gardens, layout_caves, grunt_orc_garden, grunt_orc_garden,
          grunt_orc_garden, grunt_orc_garden, serial_shops, shop_coins,
          uniq_saint_roka

Skill      XL: |  1  2  3  4  5  6  7  8  9 10 11 12 |
---------------+-------------------------------------+-----
Axes           | 3 4 5 6 7 8 |  8.8
Fighting       | 4 5 6 7 8 9 10 | 10.9
Throwing       | 1 2 3 4 5 6 7 |  7.2
Dodging        | 1 3 |  3.0
Armour         | 4 5 7 8 |  8.8
Shields        | 4 5 |  5.9
Invocations    | 1 2 4 5 7 8 |  8.2
Evocations     | 2 3 4 5 |  5.8
Long Blades    | 3 6 7 |  7.1
Crossbows      | 2 |  2.6
Bows           | 2 |  2.3
Slings         | |  0.5

Action                   |  1- 3 |  4- 6 |  7- 9 | 10-12 || total
-------------------------+-------+-------+-------+-------++-------
Melee: War axe           |   106 |   193 |   151 |       ||   450
       Broad axe         |       |       |   179 |    61 ||   240
       Great sword       |       |       |       |   235 ||   235
       Flail             |       |       |       |     8 ||     8
 Fire: Hand crossbow     |       |       |       |     7 ||     7
       Shortbow          |       |       |       |     4 ||     4
       Hunting sling     |       |       |       |     4 ||     4
Throw: Dart              |       |    17 |    60 |    51 ||   128
       Boomerang         |       |       |       |     6 ||     6
Invok: Convert to Beogh  |       |       |     1 |       ||     1
       Smiting           |       |       |       |    19 ||    19
Evoke: Wand              |       |       |    19 |    35 ||    54
  Use: Potion            |     5 |     2 |     3 |     7 ||    17
       Scroll            |     3 |     7 |     6 |    16 ||    32
  Eat: Chunk             |       |    14 |    11 |     6 ||    31
       Ration            |       |       |       |     4 ||     4
Armor: Scale mail        |    42 |    83 |       |       ||   125
       Skin              |    12 |       |       |       ||    12
       Chain mail        |       |    20 |   239 |   383 ||   642
Dodge: Dodged            |    40 |    51 |    86 |   192 ||   369
Block: Shield            |    77 |    91 |   197 |    35 ||   400
       Rpst.: Great sword |       |       |       |    33 ||    33
